 Dungeon Crawl Stone Soup version 0.27-a0-1188-g73eefd5def (webtiles) character file.

Game seed: 990702930419534508

322 agentchuck the Magician (level 6, -1/46 HPs)
             Began as a Djinni Necromancer on May 20, 2021.
             Was an Initiate of Ashenzari.
             Slain by a gnoll
             ... wielding a +0 spear
              (4 damage)
             ... on level 4 of the Dungeon.
             The game lasted 00:13:26 (5001 turns).

agentchuck the Magician (Djinni Necromancer)        Turns: 5001, Time: 00:13:27

Health: -1/46      AC:  3    Str:  8    XL:     6   Next: 76%
Gold:   66         EV: 11    Int: 17    God:    Ashenzari [......] SH:  0 Dex: 14

rFire    + + .     SeeInvis .   j - +2 whip (elec)
rCold    x . .     Faith    .   (no shield)
rNeg     . . .     Spirit   .   h - +0 leather armour "Share My Loss" {Range, Fort} (curse)
rPois    ∞         Reflect  .   (no helmet)
rElec    .         Harm     .   (no cloak)
rCorr    .         Rampage  .   (no gloves)
Will     .....                  (boots unavailable)
Stlth    ++........             (no amulet)
HPRegen  0.15/turn              (no ring)
MPRegen  0.00/turn              (no ring)

@: flying, hasted, very quick
A: sickness immunity, fire resistance 2, cold vulnerability 1, float, innate
caster, hp casting, extra vitality 1
a: Renounce Religion, Shatter the Chains


You were on level 4 of the Dungeon.
You worshipped Ashenzari.
Ashenzari was noncommittal.
You visited 1 branch of the dungeon, and saw 4 of its levels.

You collected 66 gold pieces.


Innate Abilities, Weirdness & Mutations

You are immune to sickness and miasma.
You are immune to poison.
Your flesh is very heat resistant. (rF++)
You are vulnerable to cold. (rC-)
You float through the air rather than walking.
You learn spells naturally, not from books.
Your magical power is your life essence.
You have superior vitality. (+4 HP)


   Skills:
 + Level 3.2 Fighting
 - Level 2.1 Dodging
 - Level 1.5 Stealth
 * Level 5.2 Spellcasting


You couldn't memorise any spells.
You knew the following spells:

 Your Spells              Type           Power      Damage    Failure   Level
d - Animate Dead          Necr           11%        N/A       24%         4
r - Searing Ray           Conj           44%        3d4       3%          2
s - Animate Skeleton      Necr           44%        N/A       2%          1
t - Pain                  Necr           88%        1d8       2%          1
v - Vampiric Draining     Necr           11%        2d7       7%          3
y - Agony                 Necr           22%        N/A       54%         5
z - Magic Dart            Conj           88%        1d7       2%          1
Your spell library was empty.

Inventory:

Hand Weapons
 e - a +0 hunting sling
 j - a +2 whip of electrocution (weapon)
 q - a +0 short sword
 w - a +0 quarterstaff
Missiles
 f - 19 sling bullets
 l - 114 stones
Armour
 h - the cursed +0 leather armour "Share My Loss" (worn) {Range, Fort}
   (You found it on level 1 of the Dungeon)

   It has a curse which improves the following skills: Ranged Combat: Slings,
   Bows, Crossbows and Throwing.
   Fortitude: Armour and Shields.
 k - a +0 ring mail
Magical Staves
 a - a staff of air
Wands
 i - a wand of acid (6)
Scrolls
 c - a scroll of holy word
Potions
 d - 2 potions of brilliance

Dungeon Overview and Level Annotations

Branches:
Dungeon (4/15)
 Temple: D:4-7

Altars:
Ashenzari
Kikubaaqudgha
Qazlal
Vehumet
Wu Jian
The Shining One

Annotations:
D:2 1 runed translucent door, 1 exclusion, Crazy Yiuf

#.≈≈≈..g. ### #.≈(≈..# #.#
#.≈≈≈.# #.# #..g..#
#############.# #g#
#...#.#.......##### #)#
#.#.......###.#..>.
#)#######...#.........#....
#g......##.#....#..........
###.#.#.##@.....#####.#....
#....gg..#....# #.#....
#.#.#.#####.#.#####.###.#
#.....# #.#.......#.).#
###.### #.#########.### #.#
#+## #.# #.# ##...## #.#
###.# ##.....## #.#
#.....##...)...## ##.##


You could see 2 gnolls.


Message History

You miscast Vampiric Draining.
You are very lightly contaminated with residual magic.
Nothing appears to happen.
* * * LOW HITPOINT WARNING * * *
The gnoll hits you from afar with a +0 spear.
* * * LOW HITPOINT WARNING * * *
The gnoll shaman barely misses you. The gnoll barely misses you.
Casting: Vampiric Draining (dangerous; 8% risk of failure)
Confirm with . or Enter, or press ? or * to list all spells.
Aiming: Vampiric Draining (dangerous; 8% risk of failure)
Press: ? - help, Shift-Dir - straight line, f/p - gnoll shaman
Aim: a gnoll shaman, wielding a +0 club and wearing a +0 robe (almost dead)
You draw life force from the gnoll shaman!
You kill the gnoll shaman!
You feel life coursing into your body.
* * * LOW HITPOINT WARNING * * *
The gnoll hits you from afar with a +0 spear.
* * * LOW HITPOINT WARNING * * *
The gnoll completely misses you.
Your magical contamination has completely faded away.
The gnoll hits you from afar with a +0 spear.
* * * LOW HITPOINT WARNING * * *
The gnoll hits you from afar with a +0 spear!
* * * LOW HITPOINT WARNING * * *
You feel better.
The gnoll hits you from afar with a +0 spear!
* * * LOW HITPOINT WARNING * * *
You feel yourself speed up.
The gnoll hits you from afar with a +0 spear.
You die...

Skill      XL: |  1  2  3  4  5  6 |
---------------+-------------------+-----
Fighting       | 1 2 3 |  3.2
Spellcasting   | 4 5 |  5.2
Dodging        | |  2.1
Stealth        | |  1.5

Action                   |  1- 3 |  4- 6 || total
-------------------------+-------+-------++-------
Melee: Short sword       |     4 |       ||     4
       Quarterstaff      |     1 |     1 ||     2
       Whip              |       |     6 ||     6
 Fire: Hunting sling     |       |     2 ||     2
 Cast: Pain              |    34 |       ||    34
       Magic Dart        |    36 |    90 ||   126
       Vampiric Draining |     1 |    19 ||    20
       Searing Ray       |       |     1 ||     1
Invok: Curse Item        |       |     1 ||     1
  Use: Potion            |       |     2 ||     2
 Stab: Sleeping          |       |     1 ||     1
Armor: Robe              |     1 |       ||     1
       Leather armour    |     9 |     1 ||    10
Dodge: Dodged            |    18 |    12 ||    30

Levels and vault maps discovered:
D:1:      nicolae_arrival_washed_ashore, layout_basic, hangedman_feature_mirror
D:2:      layout_rooms, basic_altar, uniq_crazy_yiuf_cottage
D:3:      layout_loops_ring, minitemple, nicolae_tso_besieged_by_evil,
          lemuel_coloured_pillars_altar
D:4:      layout_loops_corners, overflow_temple_1_default,
          corexii_item_surrounded_by_moat, chequers_garden,
          nicolae_underground_beach, uniq_natasha

Notes
Turn   | Place    | Note
-------+----------+-------------------------------------------
     0 | D:1      | agentchuck the Djinni Necromancer began the quest for the
                  | Orb.
     0 | D:1      | Reached XP level 1. HP: 15/15 MP: 0/0
   780 | D:1      | Reached XP level 2. HP: 16/21 MP: 0/0
  1609 | D:1      | Reached XP level 3. HP: 24/26 MP: 0/0
  1609 | D:1      | Learned a level 1 spell: Magic Dart
  1704 | D:1      | Reached skill level 1 in Fighting
  2542 | D:2      | Reached skill level 4 in Spellcasting
  2669 | D:2      | Reached XP level 4. HP: 19/32 MP: 0/0
  2954 | D:2      | Found a broken altar of Ashenzari.
  2964 | D:2      | Became a worshipper of Ashenzari the Shackled
  3172 | D:2      | Found a runed translucent door.
  3173 | D:2      | Noticed Crazy Yiuf
  3590 | D:3      | Found a stormy altar of Qazlal.
  3731 | D:3      | Found an ornate altar of the Wu Jian Council.
  4033 | D:3      | Found a glowing golden altar of the Shining One.
  4166 | D:3      | Reached skill level 2 in Fighting
  4229 | D:3      | Reached XP level 5. HP: 36/38 MP: 0/0
  4229 | D:3      | Learned a level 2 spell: Searing Ray
  4601 | D:4      | Reached XP level 6. HP: 22/45 MP: 0/0
  4797 | D:4      | Reached skill level 3 in Fighting
  4797 | D:4      | Reached skill level 5 in Spellcasting
  4999 | D:4      | HP: 2/46 [gnoll/+0 spear (8)]
  5001 | D:4      | Slain by a gnoll

Vanquished Creatures
  2 scorpions (D:4)
  A crimson imp (D:3)
  A gnoll shaman (D:4)
  3 adders (D:2)
  4 gnolls (D:4)
  A worm (D:2)
  2 dart slugs
  2 orcs
  3 endoplasms
  3 giant cockroaches
  4 goblins
  6 hobgoblins
  4 jackals
  6 kobolds
  A quokka (D:1)
  8 ball pythons
  8 bats
  4 frilled lizards
  A goblin skeleton (D:3)
  2 goblin zombies (D:3)
  2 hobgoblin zombies (D:3)
  A jackal skeleton (D:4)
  2 kobold zombies (D:3)
  2 orc skeletons (D:3)
  An orc zombie (D:3)
  4 rats
78 creatures vanquished.

Table legend: (Time is in decaauts)
 A = Elapsed time spent in this place.
 B = Non-inter-level travel time spent in this place.
 C = Inter-level travel time spent in this place.
 D = Time resting spent in this place.
 E = Time spent auto-exploring this place.
 F = Levels seen in this place.
 G = Mean time per level.
                   A        B        C        D        E       F      G
               +--------+--------+--------+--------+--------+-----+--------+
         Total |   5001 |   4795 |    206 |   2372 |   1622 |   4 | 1250.2 |
       Dungeon |   5001 |   4795 |    206 |   2372 |   1622 |   4 | 1250.2 |
               +--------+--------+--------+--------+--------+-----+--------+

Top non-repeatable levels by time:
     D:1: 2337 daAuts
     D:3: 1210 daAuts
     D:2: 1045 daAuts
     D:4: 408 daAuts

Table legend:
 A = Non-vault XP
 B = Vault XP
 C = Vault XP percentage of total XP
 D = Non-vault monster count
 E = Vault monster count
 F = Vault count percentage of total count
                 A         B        C        D         E       F
            +---------+---------+-------+---------+---------+-------
      Total |     399 |      61 |  13.3 |      65 |      13 |  16.7
            +---------+---------+-------+---------+---------+-------
        D:1 |      40 |       3 |   7.0 |      24 |       2 |   7.7
        D:2 |      73 |       0 |   0.0 |      21 |       0 |   0.0
        D:3 |      18 |      58 |  76.3 |      11 |      11 |  50.0
        D:4 |     268 |       0 |   0.0 |       9 |       0 |   0.0
            +---------+---------+-------+---------+---------+-------
